 Dungeon Crawl Stone Soup version 0.24.0-123-gd5b16e6ec5 (webtiles) character file.

Game seed: 764881752742131236, levelgen mode: deterministic

760124 Peloso the Minotaur Barricade (level 27, -8/273 HPs)
             Began as a Minotaur Fighter on Feb 1, 2020.
             Was the Champion of Okawaru.
             Killed by divine providence
             ... invoked by a daeva
              (11 damage)
             ... on level 4 of the Abyss on Feb 2, 2020.
             The game lasted 05:16:26 (91529 turns).

Peloso the Minotaur Barricade (Minotaur Fighter)   Turns: 91529, Time: 05:16:26

Health: -8/273     AC: 40    Str: 34    XL:     27
Magic:  36/36      EV: 17    Int:  7    God:    Okawaru [******]
Gold:   5287       SH: 33    Dex: 18    Spells: 28/28 levels left

rFire    + + .     SeeInvis +   b - +9 double sword (holy)
rCold    + + +     Gourm    .   H - +4 large shield "Roegh" {rElec rN++ MR+ Int+3}
rNeg     + + +     Faith    .   i - +9 scales of the Dragon King {rPois rF+ rC+ MR+}
rPois    +         Spirit   .   C - -2 hat of the Alchemist {rElec rPois rF+ rC+ rN+ MR+ rMut rCorr}
rElec    +         Reflect  .   T - scarf {cloud immunity}
rCorr    +         Harm     .   P - +0 pair of fencer's gloves {Riposte Dex+3}
rMut     +                      X - +2 pair of boots {run}
MR       +++++                  N - amulet "Jaopel Vulum" {+Fly rElec rC+ Regen+ Int+2}
Stlth    ..........             u - ring of Yendor {+Blink Int-3 Slay+3 SInv Stlth+}
HPRegen  0.00/turn              R - ring "Ecigg" {Str+5 Dex+2}
MPRegen  0.25/turn

@: heroism, non-regenerating, mildly diseased, glowing, quick
A: retaliatory headbutt, horns 2, clumsy 1
}: 4/15 runes: decaying, serpentine, slimy, silver
a: Heroism, Finesse, Renounce Religion, Evoke Blink, Evoke Flight


You were on level 4 of the Abyss.
You worshipped Okawaru.
Okawaru was exalted by your worship.
You were very hungry.

You visited 13 branches of the dungeon, and saw 59 of its levels.
You visited the Abyss 1 time.
You visited 2 bazaars.
You also visited: Trove, Ossuary, Gauntlet, Ice Cave and Wizlab.

You collected 9510 gold pieces.
You spent 4223 gold pieces at shops.

Inventory:

Hand Weapons
 a - the +7 Singing Sword {slice, sonic wave}
   (You acquired it in a bazaar)

   It inflicts extra damage upon your enemies.
 b - a +9 double sword of holy wrath (weapon)
 v - the +6 falchion "Zanevo" {flame, rPois rF+ Str+3}
   (Okawaru gifted it to you on level 1 of the Realm of Zot)

   It has been specially enchanted to burn those struck by it, causing extra
   injury to most foes and up to half again as much damage against particularly
   susceptible opponents.
   Big, fiery blades are also staple armaments of hydra-hunters.
   It affects your strength (+3).
   It protects you from fire.
   It protects you from poison.
 A - the +3 scimitar "Qaethre" {slice, rElec SInv, unknown}
   (Okawaru gifted it to you on level 3 of the Abyss)

   It inflicts extra damage upon your enemies.
   It insulates you from electricity.
   It lets you see invisible.
Armour
 i - the +9 scales of the Dragon King (worn) {rPois rF+ rC+ MR+}
   (You bought it in a shop in a bazaar)

   It protects you from fire.
   It protects you from cold.
   It protects you from poison.
   It affects your resistance to hostile enchantments.
 C - the -2 hat of the Alchemist (worn) {rElec rPois rF+ rC+ rN+ MR+ rMut rCorr}
   (You found it on level 6 of the Dungeon)

   It protects you from fire.
   It protects you from cold.
   It insulates you from electricity.
   It protects you from poison.
   It protects you from negative energy.
   It affects your resistance to hostile enchantments.
   It provides partial protection from all sources of acid and corrosion.
   It protects you from mutation.
 H - the +4 large shield "Roegh" (worn) {rElec rN++ MR+ Int+3}
   (You took it off Mennas on level 4 of the Depths)

   It affects your intelligence (+3).
   It insulates you from electricity.
   It greatly protects you from negative energy.
   It affects your resistance to hostile enchantments.
 P - the +0 pair of fencer's gloves (worn) {Riposte Dex+3}
   (You found it on level 2 of the Vaults)

   It affects your dexterity (+3).
 S - a +1 pair of boots of flying
 T - a scarf of cloud immunity (worn)
 X - a +2 pair of boots of running (worn)
 Z - a +2 shield of reflection
Jewellery
 t - the amulet of Tueshoe {Acrobat *Drain rPois rC+ MR+}
   (You found it on level 3 of the Abyss)

   [amulet of the acrobat]

   It helps you evade while moving and waiting.
   It protects you from cold.
   It protects you from poison.
   It affects your resistance to hostile enchantments.
   It causes draining when unequipped.
 u - the ring of Yendor (left hand) {+Blink Int-3 Slay+3 SInv Stlth+}
   (You found it on level 3 of the Snake Pit)

   [ring of see invisible]

   It affects your intelligence (-3).
   It affects your accuracy and damage with ranged weapons and melee attacks
   (+3).
   It lets you see invisible.
   It lets you blink.
   It makes you more stealthy.
 G - an uncursed amulet of magic regeneration
 N - the amulet "Jaopel Vulum" (around neck) {+Fly rElec rC+ Regen+ Int+2}
   (You found it in a Gauntlet)

   [amulet of regeneration]

   It affects your intelligence (+2).
   It protects you from cold.
   It insulates you from electricity.
   It lets you fly.
   It increases your rate of regeneration.
 R - the ring "Ecigg" (right hand) {Str+5 Dex+2}
   (You acquired it on level 4 of the Realm of Zot)

   [ring of dexterity]

   It affects your strength (+5).
   It affects your dexterity (+2).
Wands
 s - a wand of scattershot (12)
 B - a wand of digging (8)
Scrolls
 k - 9 scrolls of noise
 n - a scroll of holy word
 p - 16 scrolls of identify
 q - 25 scrolls of remove curse
 w - 14 scrolls of blinking
 y - a scroll of fog
 E - 21 scrolls of teleportation
 L - 10 scrolls of fear
 Y - 6 scrolls of magic mapping
Potions
 d - 10 potions of might
 e - 2 potions of mutation
 g - 8 potions of resistance
 h - a potion of ambrosia
 j - 5 potions of berserk rage
 l - 17 potions of flight
 m - 4 potions of agility
 o - 5 potions of haste
 r - 16 potions of curing
 z - 8 potions of heal wounds
 D - a potion of brilliance
 F - a potion of invisibility
Miscellaneous
 c - the horn of Geryon
 x - a phial of floods
Comestibles
 f - 69 rations


   Skills:
 O Level 27 Fighting
   Level 6.3(23.2) Short Blades
 O Level 27 Long Blades
   Level 3.3(8.3) Axes
 + Level 2.4(7.4) Throwing
 O Level 27 Armour
 + Level 8.3(13.3) Dodging
 + Level 9.7(14.7) Stealth
 O Level 27 Shields
 + Level 2.8(7.8) Unarmed Combat
 + Level 1.4 Spellcasting
 + Level 20.9 Invocations
 + Level 4.3 Evocations


You had 28 spell levels left.
You didn't know any spells.
Your spell library contained the following spells:

 Spells                   Type           Power        Failure   Level  Hunger
 Animate Skeleton         Necr           N/A          87%         1    ##.....
 Apportation              Tloc           #.....       87%         1    ##.....
 Beastly Appendage        Tmut           #.....       87%         1    ##.....
 Confusing Touch          Hex            #.....       87%         1    ##.....
 Corona                   Hex            #......      87%         1    ##.....
 Flame Tongue             Conj/Fire      #....        87%         1    ##.....
 Freeze                   Ice            #...         87%         1    ##.....
 Infusion                 Chrm           #...         87%         1    ##.....
 Magic Dart               Conj           #...         87%         1    ##.....
 Pain                     Necr           #...         87%         1    ##.....
 Sandblast                Erth           #.....       87%         1    ##.....
 Shock                    Conj/Air       #...         87%         1    ##.....
 Sting                    Conj/Pois      #...         87%         1    ##.....
 Summon Butterflies       Summ           #.......     87%         1    ##.....
 Summon Small Mammal      Summ           #...         87%         1    ##.....
 Blink                    Tloc           N/A          95%         2    ###....
 Call Imp                 Summ           #.......     95%         2    ###....
 Corpse Rot               Necr           N/A          95%         2    ###....
 Ensorcelled Hibernation  Hex/Ice        #.....       95%         2    ###....
 Passwall                 Tmut/Erth      #.......     95%         2    ###....
 Poisonous Vapours        Pois/Air       #.....       95%         2    ###....
 Shroud of Golubria       Chrm/Tloc      #.....       95%         2    ###....
 Slow                     Hex            #.......     95%         2    ###....
 Song of Slaying          Chrm           #.......     95%         2    ###....
 Sticks to Snakes         Tmut           #.......     95%         2    ###....
 Sublimation of Blood     Necr           #.........   95%         2    ###....
 Swiftness                Chrm/Air       #.......     95%         2    ###....
 Throw Flame              Conj/Fire      #.....       95%         2    ###....
 Throw Frost              Conj/Ice       #.....       95%         2    ###....
 Call Canine Familiar     Summ           #.......     99%         3    ####...
 Confuse                  Hex            #.......     99%         3    ####...
 Conjure Flame            Conj/Fire      #.......     99%         3    ####...
 Dazzling Spray           Conj/Hex       #.....       99%         3    ####...
 Gell's Gravitas          Tloc           #.........   99%         3    ####...
 Ignite Poison            Fire/Tmut/Pois #.......     99%         3    ####...
 Inner Flame              Hex/Fire       #.......     99%         3    ####...
 Lesser Beckoning         Tloc           #.........   99%         3    ####...
 Mephitic Cloud           Conj/Pois/Air  #.......     99%         3    ####...
 Ozocubu's Armour         Chrm/Ice       #.......     99%         3    ####...
 Portal Projectile        Hex/Tloc       #.....       99%         3    ####...
 Recall                   Summ/Tloc      N/A          99%         3    ####...
 Regeneration             Chrm/Necr      #.........   99%         3    ####...
 Spectral Weapon          Hex/Chrm       #.......     99%         3    ####...
 Spider Form              Tmut/Pois      #.........   99%         3    ####...
 Static Discharge         Conj/Air       #.......     99%         3    ####...
 Stone Arrow              Conj/Erth      #.....       99%         3    ####...
 Summon Guardian Golem    Hex/Summ       #.......     99%         3    ####...
 Teleport Other           Tloc           #.......     99%         3    ####...
 Tukima's Dance           Hex            #.......     99%         3    ####...
 Vampiric Draining        Necr           #.........   99%         3    ####...
 Airstrike                Air            #.........   100%        4    #####..
 Animate Dead             Necr           N/A          100%        4    #####..
 Cause Fear               Hex            #.........   100%        4    #####..
 Force Lance              Conj/Tloc      #.......     100%        4    #####..
 Ice Form                 Ice/Tmut       #.......     100%        4    #####..
 Iskenderun's Mystic Bla  Conj           #.......     100%        4    #####..
 Leda's Liquefaction      Hex/Erth       #.........   100%        4    #####..
 Olgreb's Toxic Radiance  Pois           #.......     100%        4    #####..
 Passage of Golubria      Tloc           N/A          100%        4    #####..
 Petrify                  Tmut/Erth      #.......     100%        4    #####..
 Sticky Flame             Conj/Fire      #.......     100%        4    #####..
 Summon Ice Beast         Ice/Summ       #.......     100%        4    #####..
 Summon Lightning Spire   Summ/Air       #.......     100%        4    #####..
 Throw Icicle             Conj/Ice       #.......     100%        4    #####..
 Alistair's Intoxication  Tmut/Pois      #.......     100%        5    ######.
 Blade Hands              Tmut           #.........   100%        5    ######.
 Bolt of Draining         Conj/Necr      #.........   100%        5    ######.
 Bolt of Magma            Conj/Fire/Erth #.........   100%        5    ######.
 Borgnjor's Vile Clutch   Necr/Erth      #.........   100%        5    ######.
 Dispel Undead            Necr           #.......     100%        5    ######.
 Excruciating Wounds      Chrm/Necr      #.........   100%        5    ######.
 Fireball                 Conj/Fire      #.........   100%        5    ######.
 Irradiate                Conj/Tmut      #.........   100%        5    ######.
 Iskenderun's Battlesphe  Conj/Chrm      #.......     100%        5    ######.
 Lee's Rapid Deconstruct  Erth           #.........   100%        5    ######.
 Lightning Bolt           Conj/Air       #.........   100%        5    ######.
 Silence                  Hex/Air        #.........   100%        5    ######.
 Venom Bolt               Conj/Pois      #.........   100%        5    ######.
 Bolt of Fire             Conj/Fire      #.........   100%        6    #######
 Darkness                 Hex            #.........   100%        6    #######
 Dispersal                Tloc           #.........   100%        6    #######
 Hydra Form               Tmut           #.........   100%        6    #######
 Invisibility             Hex            #.......     100%        6    #######
 Iron Shot                Conj/Erth      #.........   100%        6    #######
 Shadow Creatures         Summ           N/A          100%        6    #######
 Statue Form              Tmut/Erth      #........    100%        6    #######
 Dragon Form              Tmut           #.........   100%        7    #######
 Malign Gateway           Summ/Tloc      #.........   100%        7    #######
 Monstrous Menagerie      Summ           #.........   100%        7    #######
 Orb of Destruction       Conj           #.........   100%        7    #######
 Ring of Flames           Chrm/Fire      #.........   100%        7    #######
 Spellforged Servitor     Conj/Summ      #.........   100%        7    #######
 Summon Hydra             Summ           #.........   100%        7    #######
 Controlled Blink         Tloc           N/A          100%        8    #######
 Disjunction              Tloc           #.........   100%        8    #######
 Ignition                 Fire           #.........   100%        8    #######


Dungeon Overview and Level Annotations

Branches:
Dungeon (15/15)            Temple (1/1) D:5            Lair (6/6) D:8
  Swamp (4/4) Lair:2        Snake (4/4) Lair:4        Slime (5/5) Lair:6
    Orc (2/2) D:9             Elf (3/3) Orc:2        Vaults (5/5) D:14
  Crypt (3/3) Vaults:3       Tomb (0/3) Crypt:3      Depths (5/5) D:15
   Hell (visited)             Dis (0/7) Hell            Geh (0/7) Hell
    Coc (0/7) Hell            Tar (0/7) Hell            Zot (5/5) Depths:5
Ossuary (visited)           IceCv (visited)          WizLab (visited)
Gauntlet (visited)

Altars:
Ashenzari
Cheibriados
Dithmenos
Elyvilon
Fedhas
Gozag
Hepliaklqana
Kikubaaqudgha
Makhleb
Nemelex Xobeh
Okawaru
Qazlal
Ru
Sif Muna
Trog
Uskayaw
Vehumet
Wu Jian
Xom
Yredelemnul
Zin
The Shining One
Beogh
Jiyva
Lugonu

Shops:
D:4 *!(   Orc:1 :?*   Orc:2 !*:!   Elf:2 :   Elf:3 *   Vaults:4 [}%

Portals:
Hell: Depths:1 Depths:2 Depths:3 Depths:4 Depths:5
Abyss: Depths:1 Depths:4 Depths:5
Pandemonium: Depths:2 Depths:3
Ziggurat: Depths:1

Annotations:
D:6 1 runed translucent door
Elf:1 1 runed translucent door, nano's ghost, journeyman DsSu


Innate Abilities, Weirdness & Mutations

You reflexively headbutt those who attack you in melee.
You have a pair of horns on your head.
You are clumsy. (Dex -2)


Message History

Unknown command.
The daeva blocks your attack.
You headbutt the daeva!
The daeva is heavily wounded.
You block the daeva's attack. x2
Unknown command.
You slice the daeva!! The daeva blocks your attack.
The daeva is severely wounded.
Unknown command.
The daeva blocks your attack.
You headbutt the daeva.
The daeva is severely wounded.
The daeva calls down the wrath of the Shining One upon you.
The Shining One smites you!
* * * LOW HITPOINT WARNING * * *
Unknown command.
The daeva blocks your attack.
You headbutt the daeva, but do no damage.
The daeva is severely wounded.
The daeva calls down the wrath of the Shining One upon you.
The Shining One smites you!
You die...

......# ...# ≈♣≈≈ . .
#.. .. .#≈≈≈≈≈ . ###.
. .. ≈≈≈ ≈≈ . ...)
.##≈≈≈≈≈≈ . .≈≈ .3##
≈≈≈≈ ♣.# . ...X☼
..#≈.≈≈≈ ≈
#.#########...#≈≈≈
#..≈≈...>.#. . ≈
##.≈≈≈A@#.##...#.≈≈≈♣
##≈≈≈##.# #○ . ♣≈ ≈
#≈≈≈≈##.##... ..
#####≈####. †. . . .
# # . .. .. . . . ...
. ... . # .. . .. .
... .. . ... . ..
....


You could see a daeva.

Vanquished Creatures
  the Royal Jelly (Slime:5)
  8 ancient liches
  6 orbs of fire (Zot:5)
  The ghost of Kexkiarone the Omniscient, a legendary HOMo of Ashenzari (Zot:3)
  Mennas (Depths:4)
  The ghost of Xerdoz the Executioner, a legendary DDFi of Makhleb (Zot:5)
  Sojobo (Depths:4)
  Boris (twice) (Crypt:1 Crypt:2)
  3 Killer Klowns (Zot:5)
  Vashnia (Snake:3)
  Saint Roka (Snake:3)
  A curse toe (Zot:5)
  Margery (Depths:3)
  Xtahua (Depths:4)
  Geryon (Hell)
  9 golden dragons
  3 bone dragons
  A mutant beast (WizLab)
  the Enchantress (Depths:3)
  5 electric golems
  2 liches (Crypt:3)
  22 tentacled monstrosities
  24 Orb Guardians (Zot:5)
  3 deep elf master archers (Elf:3)
  5 quicksilver dragons
  3 deep elf blademasters
  16 acid blobs
  13 death cobs
  6 titans (Vaults:5)
  Murray (Hell)
  2 sphinxes
  Frances (Elf:1)
  5 tentacled starspawn
  6 ancient champions
  16 shadow dragons
  11 draconian monks
  Kirke (D:13)
  3 revenants
  2 thorn hunters
  10 tengu reavers
  15 storm dragons
  Roxanne (Swamp:4)
  11 frost giants
  12 nagarajas
  2 iron dragons
  15 azure jellies
  12 draconian knights
  14 vault wardens
  3 balrugs (Hell)
  An angel (Depths:4)
  7 deep elf sorcerers
  4 fire giants
  Louise (Swamp:4)
  Aizul (Snake:4)
  2 ghost moths
  2 cacodemons (Abyss:4)
  4 draconian stormcallers
  4 deep elf elementalists
  3 curse skulls
  6 draconian scorchers
  7 draconian shifters
  A ghoul (Crypt:2)
  5 draconian annihilators
  12 ironheart preservers
  A juggernaut skeleton (Crypt:2)
  3 spriggan defenders (Depths:3)
  21 very ugly things
  An entropy weaver (Vaults:5)
  16 stone giants
  9 reapers
  4 war gargoyles
  12 vampire knights
  8 green draconians
  44 starcursed masses
  20 black draconians
  An entropy weaver (shapeshifter) (Vaults:5)
  3 ophanim
  Nessos (D:12)
  6 deep elf demonologists
  A lorocyproca (Abyss:4)
  A minotaur (Gauntlet)
  3 spark wasps (Depths:5)
  15 purple draconians
  5 dire elephants (Lair:6)
  8 deep elf annihilators
  A spark wasp (shapeshifter) (Vaults:4)
  17 yellow draconians
  6 white draconians
  18 red draconians
  A mummy priest (Crypt:3)
  2 green deaths (Abyss:4)
  8 ettins
  11 eidola
  7 deep elf death magi
  A merfolk javelineer (Depths:1)
  2 blizzard demons
  11 death oozes
  Josephine (D:9)
  5 deep elf high priests
  30 vault guards
  5 fire dragons
  A kraken zombie (Hell)
  9 yaktaur captains
  4 jiangshi
  8 rakshasas
  Fannar (D:9)
  Erolcha (D:10)
  Harold (D:8)
  24 hydras
  15 great orbs of eyes
  12 naga warriors
  9 anacondas
  3 death knights
  10 centaur warriors
  3 spriggan air magi
  A shambling mangrove (Swamp:4)
  17 alligators
  9 ice dragons
  A ghost crab (Swamp:3)
  30 two-headed ogres
  9 deep troll earth magi
  10 deep troll shamans
  28 dancing weapons
  11 ogre magi
  5 vampire magi
  15 thrashing horrors
  7 death yaks
  4 spriggan berserkers
  16 naga sharpshooters
  3 shock serpents
  3 tengu warriors
  12 soul eaters
  10 hell hogs
  3 titan zombies
  3 iron golems
  5 sun demons
  23 deep elf knights
  Sonja (D:13)
  2 titan skeletons (Crypt:3)
  10 hell knights
  3 salamander mystics
  3 iron trolls
  3 glowing orange brains
  12 wretched stars
  2 sixfirhies (Abyss:4)
  2 flayed ghosts
  A storm dragon skeleton (Crypt:3)
  A shadow wraith (Vaults:4)
  3 unseen horrors (shapeshifter)
  4 unseen horrors
  3 spatial maelstroms
  41 skeletal warriors
  8 sea snakes
  A shadow demon (Abyss:3)
  A spriggan druid (Swamp:4)
  31 deep trolls
  16 ironbrand convokers
  9 swamp dragons
  9 naga ritualists
  21 deep elf archers
  11 orc knights
  4 harpies (Vaults:1)
  2 orange crystal statues
  A lindwurm (shapeshifter) (Vaults:4)
  6 wizards
  15 phantasmal warriors
  An anaconda skeleton (Hell)
  2 frost giant zombies (Crypt:3)
  An orb spider (shapeshifter) (WizLab)
  90 ugly things
  83 deep elf magi
  19 necromancers
  10 mana vipers
  4 orc sorcerers
  9 salamanders
  A stone giant zombie (Abyss:4)
  3 manticores (shapeshifter)
  2 cyclopes (shapeshifter)
  6 wolf spiders
  5 shining eyes
  A shadow dragon skeleton (Crypt:3)
  9 cyclopes
  A salamander (shapeshifter) (WizLab)
  Maurice (Orc:2)
  2 guardian serpents
  36 black mambas
  30 large abominations
  4 elephants (Lair:6)
  2 guardian serpents (shapeshifter)
  22 moths of wrath
  14 vault sentinels
  2 ice statues
  2 water nymphs (shapeshifter)
  3 eyes of devastation
  8 rust devils
  A minotaur zombie (Crypt:3)
  3 molten gargoyles
  4 centaur skeletons
  28 naga magi
  2 stone giant skeletons
  2 gargoyles
  Psyche (D:10)
  14 smoke demons
  14 spiny frogs
  A hellion (Hell)
  A dire elephant skeleton (Crypt:3)
  2 rime drakes
  9 komodo dragons
  38 yaktaurs
  2 komodo dragons (shapeshifter) (WizLab)
  4 guardian mummies (Crypt:1)
  7 freezing wraiths
  3 efreet (Abyss:4)
  2 ice devils
  12 ancient zymes
  5 tengu conjurers
  A catoblepas skeleton (Crypt:2)
  13 hellwings (Crypt:3)
  6 trolls
  2 trolls (shapeshifter)
  3 red devils (Hell)
  2 harpy zombies
  3 hydra zombies (Hell)
  A jumping spider (shapeshifter) (WizLab)
  2 jumping spiders (Crypt:3)
  23 hornets
  2 queen bees (shapeshifter)
  12 polar bears (IceCv)
  17 raiju
  A wind drake (shapeshifter) (WizLab)
  2 harpy skeletons
  14 tyrant leeches
  4 bog bodies
  95 slime creatures
  3 hydra skeletons
  2 ice dragon zombies
  2 hippogriffs (shapeshifter)
  2 ettin zombies
  A hornet (shapeshifter) (Vaults:4)
  4 blink frogs (shapeshifter)
  A fire dragon zombie (Crypt:3)
  A spriggan zombie (Depths:1)
  18 flying skulls
  17 blink frogs
  2 dream sheep (D:8)
  12 hippogriffs
  2 ettin skeletons
  A satyr zombie (Crypt:1)
  5 air elementals
  16 spriggans
  2 shadows
  72 yaks
  An ice dragon skeleton (Crypt:3)
  A tarantella (Vaults:5)
  A yak (shapeshifter) (Gauntlet)
  A vampire (D:13)
  A fire dragon skeleton (Crypt:2)
  6 hogs
  8 wyverns
  2 ushabtiu (Crypt:3)
  8 water elementals
  19 wraiths
  A golden eye (shapeshifter) (WizLab)
  9 golden eyes
  7 fire elementals
  6 redbacks
  A human (shapeshifter) (Depths:4)
  2 basilisks (shapeshifter) (WizLab)
  6 ynoxinuls
  2 neqoxecs (Abyss:4)
  2 steam dragons
  A hungry ghost (D:12)
  Grum (D:10)
  5 chaos spawn
  19 humans (D:14)
  13 vampire mosquitoes
  A monstrous demonspawn zombie (Crypt:2)
  52 nagas
  6 wargs
  A naga (shapeshifter) (WizLab)
  16 swamp worms
  A harpy simulacrum (Vaults:1)
  A soldier ant (shapeshifter) (WizLab)
  20 insubstantial wisps
  5 spatial vortices
  3 acid dragons
  2 soldier ants
  10 water moccasins
  4 porcupines
  A spiny frog zombie (Hell)
  A water moccasin (shapeshifter) (Depths:5)
  5 floating eyes
  15 swamp drakes
  3 ice beasts
  3 snapping turtle zombies
  6 sky beasts
  9 necrophages
  2 black bears (shapeshifter)
  29 orc warriors
  2 black bears
  8 eyes of draining
  45 ogres
  An eye of draining (shapeshifter) (WizLab)
  3 spiny frog skeletons (Hell)
  26 wolves
  9 boggarts (Depths:1)
  A manticore skeleton (Hell)
  17 centaurs
  17 small abominations
  A snapping turtle skeleton (Crypt:3)
  17 crocodiles
  5 big kobolds
  3 elf zombies
  A wyvern zombie (D:14)
  17 bullfrogs
  A glowing shapeshifter simulacrum (Vaults:5)
  A water moccasin zombie (D:9)
  2 elf skeletons
  6 earth elementals
  A spiny frog simulacrum (Abyss:3)
  7 wyvern skeletons (Crypt:3)
  2 scorpions
  16 killer bees
  8 wights
  8 electric eels
  6 howler monkeys
  A polar bear skeleton (Crypt:1)
  A spriggan skeleton (Crypt:2)
  2 centaur zombies
  7 crimson imps
  A human simulacrum (Vaults:2)
  9 quasits
  3 bullfrog zombies
  11 hounds
  2 human zombies (Crypt:1)
  2 bullfrog skeletons
  A gnoll shaman (Orc:2)
  17 orc priests
  5 jellies
  22 orc wizards
  5 iron imps
  4 iguanas
  A human skeleton (Crypt:1)
  7 hell rats (Lair:6)
  A porcupine skeleton (Crypt:1)
  8 worker ants
  A deep dwarf skeleton (Crypt:1)
  A crocodile skeleton (Crypt:2)
  2 hound skeletons
  17 mummies
  A howler monkey zombie (Crypt:2)
  14 adders
  8 gnolls
  A howler monkey skeleton (D:4)
  3 river rats (D:4)
  3 shadow imps
  5 white imps
  An ufetubus (Vaults:4)
  4 oozes
  An adder zombie (D:8)
  An adder skeleton (D:6)
  4 worms
  A dart slug (D:2)
  7 leopard geckos
  67 orcs
  7 ball pythons
  8 bats
  4 giant cockroaches
  A gnoll zombie (Crypt:2)
  7 goblins
  4 hobgoblins
  12 jackals
  4 quokkas
  7 frilled lizards
  4 gnoll skeletons
  2 jackal skeletons
  13 kobolds
  3 kobold skeletons (Ossuary)
  A leopard gecko zombie (D:7)
  4 orc skeletons
  An orc zombie (D:4)
  A quokka zombie (D:6)
  13 rats
  11 rat skeletons (Ossuary)
  3 bushes (D:5)
  4 crawling corpses (Depths:1)
  A lurking horror (Abyss:4)
  6 plants
  A starspawn tentacle (Abyss:4)
  2 tentacles (Hell)
  10 withered plants (Crypt:3)
3037 creatures vanquished.

Vanquished Creatures (others)
  An Orb Guardian (Zot:5)
  A stone giant (Depths:2)
  2 yaktaur captains
  2 deep elf archers
  A deep elf mage (Elf:3)
  An orc knight (Vaults:5)
  13 yaktaurs
  A rime drake (IceCv)
  A polar bear (IceCv)
  2 water elementals
  A yak (IceCv)
  An insubstantial wisp (Swamp:2)
  A harpy simulacrum (Abyss:4)
  A naga (Snake:2)
  A floating eye (WizLab)
  A swamp drake (Swamp:4)
  An orc warrior (Vaults:1)
  2 centaurs
  2 wolves (IceCv)
  A starcursed mass (Abyss:4)
  An orc (Vaults:1)
  2 briar patches (Swamp:2)
  A bush (Lair:6)
  10 demonic plants (Gauntlet)
  2 lurking horrors (Abyss:4)
  4 plants
  11 starspawn tentacles
  2 tentacles (Hell)
  5 toadstools (D:9)
  4 withered plants (Crypt:3)
79 creatures vanquished.

Grand Total: 3116 creatures vanquished

Notes
Turn   | Place    | Note
-------+----------+-------------------------------------------
     0 | D:1      | Peloso the Minotaur Fighter began the quest for the Orb.
     0 | D:1      | Reached XP level 1. HP: 19/19 MP: 0/0
    76 | D:1      | Reached XP level 2. HP: 18/27 MP: 1/1
   306 | D:1      | Reached XP level 3. HP: 31/33 MP: 2/2
   550 | D:2      | Found a faded altar of an unknown god.
   712 | D:2      | Reached XP level 4. HP: 25/40 MP: 3/3
   717 | D:2      | Reached skill level 1 in Dodging
   891 | D:2      | Found a white marble altar of Elyvilon.
   913 | D:2      | Reached XP level 5. HP: 28/46 MP: 4/4
  1045 | D:2      | Found a shimmering altar of Xom.
  1252 | D:3      | Reached skill level 5 in Shields
  1264 | D:3      | Reached skill level 5 in Armour
  1309 | D:3      | Reached XP level 6. HP: 44/53 MP: 5/5
  1768 | D:3      | Found an opulent altar of Gozag.
  1960 | D:4      | Found Jipnathre's General Store.
  2225 | D:4      | Reached skill level 5 in Long Blades
  2230 | D:4      | Reached XP level 7. HP: 59/60 MP: 6/6
  2269 | D:4      | Found a sand-covered staircase.
  2277 | Ossuary  | Entered an ossuary
  2744 | D:4      | Found Diyc's Weapon Shoppe.
  2968 | D:4      | Found Zeecasuil's Distillery.
  2978 | D:4      | Bought a potion of degeneration for 14 gold pieces
  2978 | D:4      | Bought a potion of heal wounds for 70 gold pieces
  2978 | D:4      | Bought a potion of might for 56 gold pieces
  3320 | D:4      | Reached skill level 5 in Fighting
  3527 | D:4      | Bought a scroll of blinking for 105 gold pieces
  3579 | D:5      | Entered Level 5 of the Dungeon
  3620 | D:4      | Reached XP level 8. HP: 12/68 MP: 7/7
  3984 | D:5      | Found a staircase to the Ecumenical Temple.
  3999 | Temple   | Entered the Ecumenical Temple
  4118 | Temple   | Became a worshipper of Warmaster Okawaru
  4334 | D:5      | Found a stormy altar of Qazlal.
  5073 | D:6      | Found a glowing silver altar of Zin.
  5138 | D:6      | Found a burning altar of Makhleb.
  5138 | D:6      | Noticed a blizzard demon
  5141 | D:6      | Noticed a smoke demon
  5288 | D:6      | Found a glowing golden altar of the Shining One.
  5289 | D:6      | Found a runed translucent door.
  5289 | D:6      | Noticed an angel
  5336 | D:6      | Found the -2 hat of the Alchemist {rElec rPois rF+ rC+ rN+
                  | MR+ rMut rCorr}
  5490 | D:7      | Reached * piety under Okawaru
  5503 | D:7      | Reached skill level 1 in Stealth
  5807 | D:6      | Reached XP level 9. HP: 54/75 MP: 8/8
  6338 | D:7      | Found an iron altar of Okawaru.
  6392 | D:7      | Reached ** piety under Okawaru
  7159 | D:8      | Found a staircase to the Lair.
  7283 | D:8      | Noticed a troll
  7297 | D:8      | Killed a troll
  7314 | D:8      | Reached *** piety under Okawaru
  7447 | D:8      | Reached skill level 10 in Long Blades
  7495 | D:8      | Noticed Harold
  7511 | D:8      | Killed Harold
  7511 | D:8      | Reached **** piety under Okawaru
  7511 | D:8      | Reached skill level 1 in Evocations
  7511 | D:8      | Reached XP level 10. HP: 38/84 MP: 7/9
  8351 | D:8      | Noticed a brown ugly thing
  8363 | D:8      | Killed a brown ugly thing
  8444 | D:8      | Reached skill level 10 in Armour
  8522 | D:8      | Reached skill level 1 in Invocations
  8572 | D:8      | Noticed a three-headed hydra
  8579 | D:8      | Killed a one-headed hydra
  8579 | D:8      | Received a gift from Okawaru
  8585 | D:8      | Reached skill level 1 in Axes
  8760 | D:9      | Noticed an orange crystal statue
  8879 | D:9      | Reached ***** piety under Okawaru
  9881 | D:10     | Entered Level 10 of the Dungeon
  9941 | D:10     | Noticed Fannar
  9949 | D:10     | Noticed Josephine
  9983 | D:9      | Killed Fannar
  9983 | D:9      | Reached skill level 10 in Shields
  9983 | D:9      | Reached XP level 11. HP: 61/94 MP: 11/11
 10434 | D:9      | Killed Josephine
 10434 | D:9      | Received a gift from Okawaru
 11145 | D:10     | Noticed Psyche
 11168 | D:10     | Killed Psyche
 11282 | D:10     | Noticed Erolcha
 11304 | D:10     | Killed Erolcha
 12172 | D:11     | Found a gate leading to a gauntlet.
 12197 | Gauntlet | Entered a Gauntlet
 12197 | Gauntlet | Found a large runed translucent door.
 12197 | Gauntlet | Found a large runed translucent door.
 12197 | Gauntlet | Found a large runed translucent door.
 12197 | Gauntlet | Found a large runed translucent door.
 12197 | Gauntlet | Found a large runed translucent door.
 12197 | Gauntlet | Found a large runed translucent door.
 12197 | Gauntlet | Found a runed translucent door.
 12197 | Gauntlet | Found a transporter.
 12197 | Gauntlet | Found a transporter.
 12197 | Gauntlet | Found a runed translucent door.
 12197 | Gauntlet | Found a large runed translucent door.
 12197 | Gauntlet | Found a large runed translucent door.
 12197 | Gauntlet | Found a large runed translucent door.
 12197 | Gauntlet | Found a large runed translucent door.
 12197 | Gauntlet | Found a large runed translucent door.
 12197 | Gauntlet | Found a large runed translucent door.
 12200 | Gauntlet | Found a large runed translucent door.
 12200 | Gauntlet | Found a large runed translucent door.
 12200 | Gauntlet | Found a large runed translucent door.
 12200 | Gauntlet | Found a large runed translucent door.
 12201 | Gauntlet | Found a transporter.
 12206 | Gauntlet | Found a runed translucent gate.
 12206 | Gauntlet | Found a runed translucent gate.
 12206 | Gauntlet | Found a runed translucent gate.
 12207 | Gauntlet | Noticed a sixfirhy
 12208 | Gauntlet | Found a transporter.
 12228 | Gauntlet | Found a transporter.
 12235 | Gauntlet | Noticed a death scarab
 12241 | Gauntlet | Found a transporter.
 12242 | Gauntlet | Found a transporter.
 12254 | Gauntlet | Found a transporter.
 12258 | Gauntlet | Noticed a death scarab
 12287 | Gauntlet | Found a transporter.
 12294 | Gauntlet | Found a transporter.
 12314 | Gauntlet | Found a transporter.
 12326 | Gauntlet | Found a transporter.
 12347 | Gauntlet | Noticed a swamp dragon
 12347 | Gauntlet | a polar bear changed into a swamp dragon
 12348 | Gauntlet | a swamp dragon changed into an eye of devastation
 12370 | Gauntlet | Noticed a death drake
 12370 | Gauntlet | an eye of devastation changed into a death drake
 12374 | Gauntlet | Found a transporter.
 12375 | Gauntlet | a death drake changed into an eye of devastation
 12394 | Gauntlet | Found a transporter.
 12474 | Gauntlet | Noticed a glowing orange brain
 12479 | Gauntlet | Noticed a fire crab
 12479 | Gauntlet | a komodo dragon changed into a fire crab
 12479 | Gauntlet | a glowing orange brain changed into a snapping turtle
 12500 | Gauntlet | a fire crab changed into a jumping spider
 12522 | Gauntlet | Found a transporter.
 12539 | Gauntlet | Found a transporter.
 12685 | Gauntlet | Noticed a lindwurm
 12696 | Gauntlet | a lindwurm changed into a cyclops
 12753 | Gauntlet | Reached skill level 5 in Dodging
 12840 | Gauntlet | Received a gift from Okawaru
 12887 | Gauntlet | Got a twitching emerald amulet
 12894 | Gauntlet | Identified the amulet "Jaopel Vulum" {+Fly rElec rC+ Regen+
                  | Int+2} (You found it in a Gauntlet)
 13284 | Gauntlet | Noticed a minotaur
 13303 | Gauntlet | Killed a minotaur
 13303 | Gauntlet | Reached XP level 12. HP: 35/104 MP: 5/12
 14689 | D:12     | Reached skill level 10 in Fighting
 14876 | D:12     | You fall into a shaft and drop 3 floors!
 14876 | D:15     | Entered Level 15 of the Dungeon
 14977 | D:14     | Found a frozen archway.
 14996 | IceCv    | Entered an ice cave
 15465 | IceCv    | Received a gift from Okawaru
 15497 | IceCv    | Reached XP level 13. HP: 105/115 MP: 13/13
 15658 | IceCv    | Noticed a frost giant
 15845 | IceCv    | Killed a frost giant
 15845 | IceCv    | Received a gift from Okawaru
 17581 | Lair:1   | Entered Level 1 of the Lair of Beasts
 17849 | Lair:1   | Received a gift from Okawaru
 18101 | Lair:1   | Reached XP level 14. HP: 74/126 MP: 14/14
 19201 | Lair:2   | Reached ****** piety under Okawaru
 19218 | Lair:2   | Found a staircase to the Swamp.
 19736 | Lair:3   | Reached skill level 15 in Shields
 20525 | Lair:4   | Found a staircase to the Snake Pit.
 20714 | Lair:4   | Received a gift from Okawaru
 20816 | Lair:4   | Reached skill level 15 in Long Blades
 22729 | D:13     | Noticed Nessos
 22779 | D:12     | Killed Nessos
 23201 | D:13     | Noticed Kirke
 23804 | D:13     | Killed Kirke
 23923 | D:13     | Noticed Sonja
 23931 | D:13     | Killed Sonja
 24212 | D:14     | Got a translucent long sword
 24213 | D:14     | Identified the +4 long sword "Ytea" {venom, +Inv Stlth+}
                  | (You found it on level 14 of the Dungeon)
 24272 | D:14     | Received a gift from Okawaru
 24364 | D:14     | Reached XP level 15. HP: 135/135 MP: 16/16
 24570 | D:14     | Found a gate to the Vaults.
 24645 | D:14     | Reached skill level 15 in Armour
 25381 | D:9      | Found a staircase to the Orcish Mines.
 25499 | Orc:1    | Entered Level 1 of the Orcish Mines
 25637 | Orc:1    | Found Ati Xess's Magic Scroll Boutique.
 25641 | Orc:1    | Bought a scroll of acquirement for 572 gold pieces
 25641 | Orc:1    | Bought a scroll of magic mapping for 38 gold pieces
 25653 | Orc:1    | Bought a scroll of identify for 22 gold pieces
 25653 | Orc:1    | Bought a scroll of identify for 22 gold pieces
 25760 | Orc:2    | Entered Level 2 of the Orcish Mines
 25777 | Orc:2    | Found a roughly hewn altar of Beogh.
 26019 | Orc:2    | Found a staircase to the Elven Halls.
 26033 | Orc:2    | Noticed Maurice
 26049 | Orc:2    | Killed Maurice
 26935 | Orc:2    | Found Ylaets's Distillery.
 26935 | Orc:2    | Found Plog's Assorted Antiques.
 26936 | Orc:2    | Found Duick's Book Shop.
 26936 | Orc:2    | Found Lettuh's Distillery.
 27012 | Orc:2    | Bought a potion of berserk rage for 90 gold pieces
 27012 | Orc:2    | Bought 2 potions of berserk rage for 180 gold pieces
 27012 | Orc:2    | Bought a potion of heal wounds for 90 gold pieces
 27281 | Orc:1    | Found Liparem's Assorted Antiques.
 27337 | Orc:1    | Found Lashya's Book Boutique.
 27612 | Orc:1    | Bought a scroll of acquirement for 572 gold pieces
 27872 | D:15     | Received a gift from Okawaru
 27935 | D:15     | Identified a +2 pair of boots of running (Okawaru gifted it
                  | to you on level 15 of the Dungeon)
 28400 | D:15     | Found a staircase to the Depths.
 28400 | D:15     | Noticed a frost giant
 28409 | D:15     | Killed a frost giant
 28526 | D:15     | Reached XP level 16. HP: 147/147 MP: 17/17
 29220 | Lair:6   | Entered Level 6 of the Lair of Beasts
 29349 | Lair:6   | Found a viscous altar of Jiyva.
 29350 | Lair:6   | Found a staircase to the Slime Pits.
 29733 | Lair:6   | Received a gift from Okawaru
 29736 | Lair:6   | Got a transparent hand axe {god gift}
 30502 | Lair:6   | Reached skill level 15 in Fighting
 30684 | Lair:1   | Identified the +8 hand axe of Honour {chop, *Noise rF+ rN+
                  | Int+4} (Okawaru gifted it to you on level 6 of the Lair of
                  | Beasts)
 30804 | Swamp:1  | Entered Level 1 of the Swamp
 31722 | Swamp:2  | Received a gift from Okawaru
 31729 | Swamp:2  | HP: 7/149 [alligator (4)]
 33195 | Swamp:2  | Noticed a thorn hunter
 33222 | Swamp:2  | Killed a thorn hunter
 33825 | Snake:1  | Entered Level 1 of the Snake Pit
 33844 | Snake:1  | Received a gift from Okawaru
 34792 | Snake:1  | Reached XP level 17. HP: 111/156 MP: 18/18
 36501 | Snake:2  | Received a gift from Okawaru
 37727 | Elf:1    | Entered Level 1 of the Elven Halls
 37786 | Elf:1    | Received a gift from Okawaru
 37809 | Elf:1    | Noticed Frances
 37833 | Elf:1    | Killed Frances
 39688 | Elf:1    | Identified Teofu's Incunabulum of the Entourage
 39888 | Elf:1    | Received a gift from Okawaru
 39924 | Elf:1    | Found a runed translucent door.
 39925 | Elf:1    | Noticed nano's ghost (journeyman DsSu)
 40963 | Elf:2    | Paralysed by a floating eye for 3 turns
 41392 | Elf:2    | Paralysed by a floating eye for 2 turns
 41405 | Elf:1    | Reached XP level 18. HP: 88/168 MP: 19/19
 42003 | Elf:2    | Received a gift from Okawaru
 42329 | Elf:2    | Found Xaleso's Book Boutique.
 42515 | Elf:2    | Found a huge runed translucent gate.
 42515 | Elf:2    | Found a huge runed translucent gate.
 42515 | Elf:2    | Found a huge runed translucent gate.
 42515 | Elf:2    | Found a huge runed translucent gate.
 42516 | Elf:2    | Found a huge runed translucent gate.
 42580 | Elf:3    | Entered Level 3 of the Elven Halls
 43087 | Elf:3    | Found Kicvashru's Assorted Antiques.
 43536 | Elf:2    | Received a gift from Okawaru
 43541 | Elf:2    | Got a scorched hand crossbow {god gift}
 44999 | Elf:2    | Received a gift from Okawaru
 45477 | Elf:3    | Identified the ring of Pysoe {Fire rPois}
 45483 | Elf:3    | Identified the +7 dagger of the Volcano {flame, *Contam
                  | Dex+6}
 45488 | Elf:3    | Identified the +2 leather armour "Keoth" {rPois rF+}
 46397 | Elf:3    | Noticed an Ice Fiend
 46856 | Elf:3    | Received a gift from Okawaru
 47989 | Elf:3    | Reached XP level 19. HP: 178/178 MP: 21/21
 48006 | Elf:3    | Got a slimy chain mail {god gift}
 48025 | Elf:2    | Identified the +9 chain mail "Dumett" {rElec} (Okawaru
                  | gifted it to you on level 3 of the Elven Halls)
 48414 | Lair:1   | Identified the +4 hand crossbow of Wrongful Imprisonment
                  | {venom, +Blink rN+ MR+ Stlth-} (Okawaru gifted it to you on
                  | level 2 of the Elven Halls)
 49369 | Elf:3    | Identified the Handbook of Fire and Unholy Rites
 49371 | Elf:3    | Identified the Tome of Shape Shifting and the Arsonist
 49388 | Elf:3    | Identified the Catalogue of Orientation and Dark Magic
 49395 | Elf:3    | Identified the Tome of the Loofah
 51148 | Swamp:4  | Entered Level 4 of the Swamp
 51148 | Swamp:4  | Noticed Roxanne
 51586 | Snake:3  | Received a gift from Okawaru
 51992 | Snake:3  | Got a translucent turquoise ring
 52199 | Snake:3  | Noticed Vashnia
 52548 | Snake:3  | Killed Vashnia
 52927 | Snake:4  | Entered Level 4 of the Snake Pit
 52929 | Snake:4  | Noticed Saint Roka
 53062 | Snake:3  | Killed Saint Roka
 53286 | Snake:4  | Identified the ring of Yendor {+Blink Int-3 Slay+3 SInv
                  | Stlth+} (You found it on level 3 of the Snake Pit)
 54637 | Snake:4  | Noticed Aizul
 54655 | Snake:4  | Killed Aizul
 54938 | Snake:4  | Received a gift from Okawaru
 55555 | Snake:4  | Received a gift from Okawaru
 56021 | Snake:4  | Reached XP level 20. HP: 71/189 MP: 22/22
 56032 | Snake:4  | Got a brightly glowing quick blade {god gift}
 56553 | Snake:4  | Got a serpentine rune of Zot
 56857 | Snake:4  | Identified the +3 quick blade "Murirgh" {flame, rElec rN+
                  | Int+2 Dex-4} (Okawaru gifted it to you on level 4 of the
                  | Snake Pit)
 57368 | Swamp:4  | Reached skill level 1 in Short Blades
 58140 | Swamp:4  | Received a gift from Okawaru
 58143 | Swamp:4  | Got a pair of brightly glowing gloves {god gift}
 58158 | Swamp:4  | Identified the +0 pair of gloves of Shielding {SInv}
                  | (Okawaru gifted it to you on level 4 of the Swamp)
 58205 | Swamp:4  | Noticed Louise
 58251 | Swamp:4  | Killed Louise
 58363 | Swamp:4  | Killed Roxanne
 58552 | Swamp:4  | Got a decaying rune of Zot
 58997 | Vaults:1 | Entered Level 1 of the Vaults
 59056 | Vaults:1 | Found a flickering gateway to a bazaar.
 59064 | Vaults:1 | Reached skill level 5 in Short Blades
 59084 | Bazaar   | Entered a bazaar
 59099 | Bazaar   | Found Janlewn's Jewellery Shoppe.
 59100 | Bazaar   | Found Icykid's Armour Shoppe.
 59138 | Bazaar   | Found Pempuph's General Store.
 59138 | Bazaar   | Found Fiewyx's Book Emporium.
 59186 | Bazaar   | Bought the +9 scales of the Dragon King {rPois rF+ rC+ MR+}
                  | for 1872 gold pieces
 59186 | Bazaar   | Found the +9 scales of the Dragon King {rPois rF+ rC+ MR+}
 59222 | Bazaar   | Bought a scroll of acquirement for 520 gold pieces
 59226 | Bazaar   | Found the +7 Singing Sword {slice, sonic wave}
 60045 | Vaults:1 | Identified the +4 halberd "Paekuafe" {pain, Dex+3}
 60780 | Vaults:2 | Received a gift from Okawaru
 60908 | Vaults:2 | Found the +0 pair of fencer's gloves {Riposte Dex+3}
 61424 | Vaults:2 | Reached XP level 21. HP: 198/198 MP: 23/23
 61610 | Vaults:2 | Found a white marble altar of Elyvilon.
 62246 | Vaults:3 | Received a gift from Okawaru
 62414 | Vaults:3 | Found a staircase to the Crypt.
 62436 | Vaults:3 | Received a gift from Okawaru
 64228 | Vaults:4 | Found Uhealof's Antique Armour Emporium.
 64270 | Vaults:4 | Found Sebra's Gadget Shop.
 64290 | Vaults:4 | Found Ylawoot's Food Boutique.
 64314 | Vaults:4 | Found a portal to a secret trove of treasure.
 64412 | Vaults:4 | Found a flickering gateway to a bazaar.
 64423 | Bazaar   | Entered a bazaar
 64428 | Bazaar   | Found Emea's Book Shop.
 64432 | Bazaar   | Found Iboil's Jewellery Shop.
 64743 | Vaults:4 | Received a gift from Okawaru
 66674 | Vaults:4 | You paid a toll of a +6 demon blade to enter a treasure
                  | trove
 66675 | Trove    | Entered a treasure trove
 66714 | Trove    | Identified Sogekapt's Reference Book on Attacks
 66720 | Trove    | Identified Sif Muna's Handbook of Creation and Talismans
 66801 | Vaults:5 | Entered Level 5 of the Vaults
 66829 | Vaults:4 | Reached XP level 22. HP: 183/210 MP: 24/24
 66904 | Vaults:5 | Noticed an ancient lich
 67016 | Vaults:4 | Received a gift from Okawaru
 67176 | Vaults:5 | Killed an ancient lich
 67532 | Vaults:5 | Received a gift from Okawaru
 67555 | Vaults:5 | Identified the amulet "Sadghi" {Harm *Drain Dex+4}
 67781 | Vaults:5 | Noticed an ancient lich
 67787 | Vaults:5 | Killed an ancient lich
 67788 | Vaults:5 | Noticed a golden dragon
 67800 | Vaults:5 | Killed a golden dragon
 68174 | Vaults:5 | Received a gift from Okawaru
 68324 | Vaults:5 | Got a fine plate armour
 68352 | Vaults:5 | Identified the +4 plate armour "Egeloco" {rElec rPois Str-5
                  | Dex+5} (You found it on level 5 of the Vaults)
 68386 | Vaults:5 | Got a pair of scorched boots
 68399 | Vaults:5 | Got a silver rune of Zot
 68905 | Vaults:5 | Reached XP level 23. HP: 209/220 MP: 25/25
 69332 | Vaults:5 | Identified the Catalogue of Fiery Necromancy
 69472 | Vaults:5 | Identified the +2 pair of boots of a sewer {rElec} (You
                  | found it on level 5 of the Vaults)
 69587 | Vaults:5 | Got a pair of encrusted gloves {god gift}
 69589 | Vaults:5 | Identified the +2 pair of gloves "Goudel" {rElec rCorr}
                  | (Okawaru gifted it to you on level 5 of the Vaults)
 70278 | Slime:1  | Entered Level 1 of the Pits of Slime
 70424 | Slime:3  | Received a gift from Okawaru
 70564 | Slime:5  | Entered Level 5 of the Pits of Slime
 70568 | Slime:5  | Reached skill level 27 in Shields
 70633 | Slime:5  | Noticed the Royal Jelly
 71001 | Slime:5  | Killed the Royal Jelly
 71635 | Slime:5  | Received a gift from Okawaru
 71715 | Slime:5  | Got a slimy rune of Zot
 71924 | Slime:5  | Got an iridescent broad axe
 71928 | Slime:5  | Identified the cursed +3 broad axe of Dishonour {elec,
                  | +Blink rF+ rN+ Str-2} (You found it on level 5 of the Pits
                  | of Slime)
 72770 | Depths:1 | Entered Level 1 of the Depths
 72864 | Depths:1 | Found a gateway to a ziggurat.
 72939 | Depths:1 | Noticed an ancient lich
 72951 | Depths:1 | Killed an ancient lich
 72979 | Depths:1 | Received a gift from Okawaru
 73023 | Depths:1 | Reached XP level 24. HP: 134/233 MP: 25/25
 73031 | Depths:1 | Identified the Incunabulum of Dark Arts
 73429 | Depths:1 | Found a one-way gate to the infinite horrors of the Abyss.
 73563 | Depths:1 | Found a gateway to Hell.
 73867 | Depths:2 | Received a gift from Okawaru
 73870 | Depths:2 | Got a smelly scale mail {god gift}
 73954 | Depths:2 | You fall into a shaft and drop 1 floor!
 73998 | Depths:3 | Noticed the Enchantress
 74002 | Depths:3 | Killed the Enchantress
 74189 | Depths:3 | Noticed Margery
 74199 | Depths:3 | Killed Margery
 74235 | Depths:3 | Found a one-way gate leading to the halls of Pandemonium.
 74698 | Depths:2 | Received a gift from Okawaru
 74711 | Depths:2 | Got an encrusted double sword {god gift}
 74712 | Depths:2 | Identified the +0 double sword of Uqeaguti {freeze, rElec
                  | rF+ rN+ Dex-3} (Okawaru gifted it to you on level 2 of the
                  | Depths)
 74769 | Depths:2 | Reached skill level 5 in Invocations
 75451 | Depths:4 | Found a magical portal.
 75692 | WizLab   | Paralysed by a floating eye for 2 turns
 75783 | WizLab   | Identified Cigotuvi's Volume of Evil Transformation
 75790 | WizLab   | Identified the Almanac of Changing
 75842 | WizLab   | Got a brightly glowing marble ring
 75843 | WizLab   | Identified the ring of Life {Wiz rC+ MR++ Str-4 Int+4} (You
                  | found it in a wizard's laboratory)
 75845 | WizLab   | Identified the +6 scale mail of the Pits of Slime {rCorr
                  | Dex+3} (Okawaru gifted it to you on level 2 of the Depths)
 76535 | Depths:4 | Identified the +4 large shield "Roegh" {rElec rN++ MR+
                  | Int+3}
 76535 | Depths:4 | Noticed Mennas
 76556 | Depths:4 | Killed Mennas
 76746 | Depths:4 | Received a gift from Okawaru
 76938 | Depths:4 | Reached XP level 25. HP: 245/247 MP: 25/25
 76964 | Depths:4 | Noticed Sojobo
 76973 | Depths:4 | Killed Sojobo
 77077 | Depths:4 | Noticed Xtahua
 77090 | Depths:4 | Killed Xtahua
 77110 | Depths:4 | Found a glowing golden altar of the Shining One.
 77119 | Depths:4 | Identified Teotz's Compendium of Mutagenic Poison
 78343 | Crypt:1  | Entered Level 1 of the Crypt
 78401 | Crypt:1  | Noticed Boris
 78410 | Crypt:1  | Killed Boris
 78410 | Crypt:1  | Received a gift from Okawaru
 79253 | Crypt:2  | Noticed Boris
 79263 | Crypt:2  | Killed Boris
 79554 | Crypt:3  | Entered Level 3 of the Crypt
 79751 | Crypt:3  | Received a gift from Okawaru
 80156 | Crypt:3  | Found an ancient bone altar of Kikubaaqudgha.
 80446 | Crypt:3  | Found the +8 demon blade "Bloodbane" {slice, *Rage +Rage
                  | Stlth-}
 80666 | Crypt:3  | Found the +27 Lear's hauberk
 80734 | Crypt:3  | Noticed an ancient lich
 80740 | Crypt:3  | Killed an ancient lich
 80765 | Crypt:3  | Got a faintly glowing copper ring
 80782 | Crypt:3  | Got a brightly glowing hand crossbow
 80783 | Crypt:3  | Identified the +2 hand crossbow of Day {elec, +Blink rC+
                  | MR- Str+3 Dex+2} (You found it on level 3 of the Crypt)
 80787 | Crypt:3  | Identified the ring of Amorality {rPois SInv} (You found it
                  | on level 3 of the Crypt)
 81091 | Crypt:3  | Found a staircase to the Tomb.
 81743 | D:10     | Noticed Grum
 81749 | D:10     | Killed Grum
 82351 | Depths:5 | Entered Level 5 of the Depths
 82411 | Depths:5 | Reached XP level 26. HP: 236/258 MP: 25/25
 82478 | Depths:5 | Found a gate to the Realm of Zot.
 82502 | Depths:5 | Received a gift from Okawaru
 82518 | Depths:5 | Got a warped long sword {god gift}
 82519 | Depths:5 | Identified the +1 long sword of Desertification {venom,
                  | MR+} (Okawaru gifted it to you on level 5 of the Depths)
 82655 | Depths:5 | Found a hide-covered altar of Uskayaw.
 82788 | Depths:5 | Found a corrupted altar of Lugonu.
 82991 | Zot:1    | Entered Level 1 of the Realm of Zot
 83045 | Zot:1    | Received a gift from Okawaru
 83074 | Zot:1    | Got a bloodstained falchion {god gift}
 83075 | Zot:1    | Identified the +6 falchion "Zanevo" {flame, rPois rF+
                  | Str+3} (Okawaru gifted it to you on level 1 of the Realm of
                  | Zot)
 83097 | Zot:1    | Identified the Grimoire of Boosting Dark Rites
 83800 | Zot:2    | Reached skill level 27 in Fighting
 83807 | Zot:2    | Received a gift from Okawaru
 83809 | Zot:2    | Reached skill level 27 in Long Blades
 83954 | Zot:1    | HP: 6/266 [golden dragon (12)]
 84364 | Zot:2    | Received a gift from Okawaru
 84420 | Zot:2    | Got a bound ivory ring
 84421 | Zot:2    | Identified the ring of Asosk {rElec rPois rF+} (You
                  | acquired it on level 2 of the Realm of Zot)
 84652 | Zot:3    | Reached XP level 27. HP: 253/273 MP: 5/25
 84840 | Zot:3    | Found a runed translucent door.
 84841 | Zot:3    | Noticed Kexkiarone's ghost (legendary HOMo)
 84880 | Zot:3    | Killed Kexkiarone's ghost
 84880 | Zot:3    | Received a gift from Okawaru
 84882 | Zot:3    | Identified the Collected Works on Confrontation
 84986 | Zot:3    | Got a flickering amber ring
 84987 | Zot:3    | Identified the ring "Gunovuiz" {rC++ Dex+2} (You acquired
                  | it on level 3 of the Realm of Zot)
 85602 | Zot:4    | Got a translucent iron ring
 85603 | Zot:4    | Identified the ring "Ecigg" {Str+5 Dex+2} (You acquired it
                  | on level 4 of the Realm of Zot)
 85733 | Zot:4    | Received a gift from Okawaru
 85736 | Zot:4    | Got a brightly glowing large shield {god gift}
 85737 | Zot:4    | Identified the +7 large shield of the Hills {+Blink +Fly
                  | MR+} (Okawaru gifted it to you on level 4 of the Realm of
                  | Zot)
 85883 | Zot:4    | Reached skill level 27 in Armour
 85885 | Zot:4    | Reached skill level 1 in Unarmed Combat
 85902 | Zot:4    | Reached skill level 1 in Throwing
 85994 | Zot:4    | Reached skill level 1 in Spellcasting
 86244 | Zot:5    | Entered Level 5 of the Realm of Zot
 86272 | Zot:5    | Identified the +5 battleaxe "Ifimagu" {speed, rPois}
 86273 | Zot:5    | Noticed Xerdoz's ghost (legendary DDFi)
 86274 | Zot:5    | Identified the +5 lajatang of Perfectionism {antimagic,
                  | *Corrode rPois SInv}
 86274 | Zot:5    | Identified the cursed +0 cloak "Juyvisha" {rElec MR++}
 86307 | Zot:5    | Identified the +2 cloak "Cyckucke" {Str+3}
 86307 | Zot:5    | Identified the ring "Duneb" {rElec rN+ SInv}
 86316 | Zot:5    | Found a bloodstained altar of Trog.
 86317 | Zot:5    | Identified the cursed +3 dire flail "Fiukhoargh" {crush,
                  | rF+ MR++ Dex-3}
 86334 | Zot:5    | Found a transporter.
 86337 | Zot:5    | Found a transporter.
 86351 | Zot:5    | Killed Xerdoz's ghost
 87974 | Zot:5    | Received a gift from Okawaru
 87977 | Zot:5    | Got a shimmering scale mail {god gift}
 87991 | Zot:5    | Noticed an orb of fire
 87995 | Zot:5    | Noticed an orb of fire
 87998 | Zot:5    | Noticed an ancient lich
 88001 | Zot:5    | Gained mutation: You are clumsy. (Dex -2) [an orb of fire]
 88002 | Zot:5    | Noticed an ancient lich
 88009 | Zot:5    | Noticed an ancient lich
 88011 | Zot:5    | Killed an orb of fire
 88011 | Zot:5    | Reached skill level 10 in Invocations
 88014 | Zot:5    | Killed an ancient lich
 88014 | Zot:5    | Killed an ancient lich
 88017 | Zot:5    | Killed an ancient lich
 88018 | Zot:5    | Noticed an orb of fire
 88021 | Zot:5    | Killed an orb of fire
 88022 | Zot:5    | Noticed an orb of fire
 88025 | Zot:5    | Noticed an orb of fire
 88026 | Zot:5    | Noticed an ancient lich
 88027 | Zot:5    | Killed an orb of fire
 88043 | Zot:5    | Killed an orb of fire
 88048 | Zot:5    | Killed an ancient lich
 88051 | Zot:5    | Killed an orb of fire
 88051 | Zot:5    | Reached skill level 15 in Invocations
 88054 | Zot:5    | Received a gift from Okawaru
 88100 | Zot:5    | HP: 1/273 [Orb Guardian (16)]
 88104 | Zot:5    | Noticed an orb of fire
 88112 | Zot:5    | Killed an orb of fire
 88384 | Zot:5    | Received a gift from Okawaru
 88783 | Depths:5 | Identified the +2 scale mail of Neah {rElec} (Okawaru
                  | gifted it to you on level 5 of the Realm of Zot)
 88831 | Hell     | Entered the Vestibule of Hell
 88831 | Hell     | Noticed Geryon
 88847 | Hell     | Killed Geryon
 88861 | Hell     | Noticed Murray
 88867 | Hell     | Received a gift from Okawaru
 89018 | Hell     | Killed Murray
 89096 | Hell     | Found a gateway to the freezing wastes of Cocytus.
 89166 | Hell     | Found a gateway to the decaying netherworld of Tartarus.
 89227 | Hell     | Found a gateway to the ashen valley of Gehenna.
 89299 | Hell     | Found a gateway to the Iron City of Dis.
 89594 | Depths:4 | Voluntarily entered the Abyss.
 89710 | Abyss:1  | Reached skill level 5 in Stealth
 89852 | Abyss:3  | Got a scorched brass amulet
 89853 | Abyss:3  | Identified the amulet of Tueshoe {Acrobat *Drain rPois rC+
                  | MR+} (You found it on level 3 of the Abyss)
 90008 | Abyss:3  | Received a gift from Okawaru
 90011 | Abyss:3  | Got a faintly glowing scimitar {god gift}
 90122 | Abyss:3  | Paralysed by accursed screaming for 1 turns
 90161 | Abyss:3  | Found an opulent altar of Gozag.
 90511 | Abyss:3  | Found a shimmering blue altar of Sif Muna.
 90968 | Abyss:4  | Received a gift from Okawaru
 91372 | Abyss:4  | Received a gift from Okawaru
 91528 | Abyss:4  | HP: 3/273 [daeva/divine providence (13)]
 91529 | Abyss:4  | Killed from afar by a daeva

Levels and vault maps discovered:
D:1:      minmay_arrival_four_houses, layout_rooms
D:2:      minmay_general_purpose_star, layout_rooms, elyvilon_altar_3,
          first_ration, chequers_ecumenical_altar_simple, tgw_xom
D:3:      layout_basic, lemuel_coloured_pillars_altar, minmay_circle_x
D:4:      layout_basic, nicolae_ossuary_entry_catacombs, portal_sewer_entry_b,
          serial_shops, kennysheep_little_box, nicolae_shop_stone,
          nicolae_shop_temple_entry_statues_fountains
D:5:      layout_cave_pools, nicolae_qazlal_general_emergency,
          minmay_temple_entry_mist, serial_column_ruins, column_ruins_grid_3,
          column_ruins_open_large, column_ruins_open_medium,
          column_ruins_columns_dead_end, lexackson_kobold_supper
D:6:      layout_rooms, makhleb_altar_promises_db, lemuel_round_altar,
          lemuel_angel_altar
D:7:      layout_cave_pools, okawaru_ov_weapons_minmay
D:8:      layout_loops_corners, erik_lair_island, hangedman_ranch
          [blue_anna_fruit_fields], uniq_harold
D:9:      layout_basic, david_orc_4, minmay_gold_behind_fungi,
          minmay_statue_bubble
D:10:     layout_long_grid, uniq_josephine, uniq_erolcha, uniq_grum,
          uniq_fannar, uniq_psyche
D:11:     layout_loops_ring, gauntlet_entry_generic,
          ebering_dispersal_statue_hall
D:12:     layout_long_grid
D:13:     minmay_angry_zag, layout_gridville, kennysheep_generic_room_13,
          uniq_kirke, uniq_sonja, uniq_nessos
D:14:     layout_long_grid, grunt_vaults_entry_tiered, amethyst_killhole,
          portal_ice_cave_entry_pillars_1, st_stairs_9
D:15:     grunt_enter_depths_snipers, layout_loops_cross,
          minmay_tree_intersection
Temple:   nicolae_temple_elliptical
Lair:1:   layout_regular_city
Lair:2:   layout_hall_layers, palyth_hydra_swamp_entry, roderic_carrion_pond
Lair:3:   layout_roguey
Lair:4:   layout_gridlike, guppyfry_snake_entry_garden
Lair:5:   layout_cave_pods
Lair:6:   due_jungle_book, layout_gridlike, dpeg_slime_entry_enclosed_altar,
          lemuel_fruit_tree, infiniplex_staircase_pool
Swamp:1:  layout_basic_swamp, evilmike_swamp_ruin_house_1,
          nicolae_swamp_triple_paths
Swamp:2:  layout_falls_marsh, nicolae_swamp_round_clearing
Swamp:3:  layout_basic_swamp, evilmike_swamp_ruin_house_5
Swamp:4:  swamp, layout_basic_swamp, swamp_pool2, uniq_roxanne, uniq_louise
Snake:1:  nicolae_snake_nest, layout_misc_corridors, grunt_megastairs_1,
          serial_bayou_shore_b
Snake:2:  layout_grid_shapes, serial_bayou_shore_b, serial_bayou_shore_a
Snake:3:  layout_onion_interference, st_stairs_12, uniq_vashnia
Snake:4:  snake_pit, layout_cave_town, grunt_ministairs_11, st_stairs_3,
          guppyfry_snake_island, uniq_saint_roka, uniq_aizul
Slime:1:  layout_caves
Slime:2:  layout_caves, basic_altar
Slime:3:  layout_caves, nicolae_slime_barrier
Slime:4:  layout_caves
Slime:5
Orc:1:    layout_diamond_mine, serial_shops, shop, shop, shop
Orc:2:    st_orc_ogre_mass, layout_caves, basic_altar, uniq_maurice
Elf:1:    minmay_elf_arrival_plus, layout_gridlike,
          ebering_ghost_reflecting_pool, minmay_elf_demonology, uniq_frances
Elf:2:    layout_geoelf_diagonals, serial_shops, nicolae_shop_trees,
          onia_ninara_cookie
Elf:3:    minmay_elf_hall_furrowed, layout_rooms, serial_shops, shop,
          st_stairs_3
Vaults:1: vaults_room_grunt_arrival_ludios, st_spiral_rooms, vaults_room_fours,
          vaults_room_ringed_pool, v_misc_22, v_misc_24,
          nicolae_vaults_three_branches, ontoclasm_vaults_twist,
          layout_vaults_chaotic_city, serial_shops, bzr_entry_customers
Vaults:2: v_misc_18, v_misc_28, hangedman_vaults_snaps,
          nicolae_vaults_little_squares_6, ontoclasm_vaults_decontamination,
          grunt_vaults_hallway_short, nicolae_vaults_know_your_exits,
          layout_vaults_quadrants, basic_altar
Vaults:3: ontoclasm_vaults_pinch, ontoclasm_vaults_tryst, serial_ice_m,
          hangedman_vaults_maws, nicolae_vaults_statue_guard, v_misc_23,
          minmay_crypt_entry_simple_statues, v_misc_1, v_pattern_2,
          grunt_vaults_funnel, grunt_vaults_focal, layout_vaults_ring
Vaults:4: v_misc_32, nicolae_vaults_ninety_degrees,
          nicolae_vaults_border_crossing, v_pattern_4, dpeg_vaults_monster_box,
          serial_ice_m, nicolae_vaults_asterisk, vaults_room_octagon,
          vaults_room_octagon, nicolae_vaults_little_squares_2,
          vaults_room_fours, ontoclasm_vaults_gateway, layout_vaults_omnicross,
          serial_shops, bzr_entry_gold, nicolae_shop_waterfront, shop,
          nicolae_shop_waterfront, nicolae_trove_entry_crystal
Vaults:5
Crypt:1:  layout_chaotic_city, grunt_crypt_arrival_guarded_gate,
          grunt_megastairs_2, uniq_boris
Crypt:2:  layout_rooms
Crypt:3:  evilmike_haunted_forest
Depths:1: layout_cave_shapes, enter_ziggurat_e, abyss_entry, special_room
          [special_room_morgue], grunt_hell_entry_dis_old,
          grunt_decor_mini_mirrors, st_stairs_14, lemuel_freeze_loot_1
Depths:2: grunt_bruiser_brothers, layout_small_grid, rand_demon_pan_entry_8,
          hell_entry, infiniplex_staircase_pillars_1
Depths:3: minmay_curly_fans, layout_cave_pools, grunt_metal_band, pan_entry,
          chequers_serial_rivers_micro_d, uniq_enchantress
Depths:4: abrahamwl_protected_by_tso_3, layout_basic, nrook_pool_corridor,
          hell_entry, abyss_entry, lightli_enter_wizlab_magi_temple,
          uniq_sojobo, uniq_mennas, uniq_xtahua
Depths:5: grunt_zot_entry_gee_three, layout_cross, abyss_entry_flame_altar,
          lemuel_statue_altar, hell_entry
Hell
Zot:1:    layout_onion_interference
Zot:2:    layout_basic
Zot:3:    layout_misc_corridors, gammafunk_ghost_grave
Zot:4:    layout_concentric_octagons
Zot:5:    layout_basic, gammafunk_ghost_wrathful_warriors
Abyss:4:  base: Elf:1, evilmike_abyss_exit_plants,
          hangedman_grunt_abyss_rune_horror_hoard, doesnt_abyss_rune_brain_food,
          evilmike_abyss_rune_ettins, minivault_27,
          nicolae_abyss_rune_star_stuff, minivault_26

Skill      XL: |  1  2  3  4  5  6  7  8  9 10 11 12 13 14 15 16 17 18 19 20 21 22 23 24 25 26 27 |
---------------+----------------------------------------------------------------------------------+-----
Fighting       | 4 5 6 7 9 10 12 13 14 15 16 17 18 19 20 21 22 24 25 27 | 27.0
Long Blades    | 3 5 6 8 10 11 12 13 14 15 16 17 18 19 20 21 22 24 25 27 | 27.0
Armour         | 4 5 6 7 9 10 12 13 14 15 16 17 18 19 20 21 22 24 27 | 27.0
Shields        | 4 5 6 7 8 10 11 12 14 16 18 19 21 22 23 24 25 26 27 | 27.0
Dodging        | 1 2 3 4 5 6 7 8 |  8.3
Stealth        | 1 2 3 4 9 |  9.7
Evocations     | 1 2 3 4 |  4.3
Invocations    | 1 2 3 4 5 20 | 20.9
Axes           | 1 2 3 |  3.3
Short Blades   | 6 |  6.3
Unarmed Combat | 2 |  2.8
Throwing       | 2 |  2.4
Spellcasting   | 1 |  1.4

Action                   |  1- 3 |  4- 6 |  7- 9 | 10-12 | 13-15 | 16-18 | 19-21 | 22-24 | 25-27 || total
-------------------------+-------+-------+-------+-------+-------+-------+-------+-------+-------++-------
Melee: Long sword        |    75 |   177 |   188 |       |   624 |  1358 |   794 |       |       ||  3216
       Headbutt          |     8 |    32 |   128 |   247 |   575 |   605 |   611 |   318 |   698 ||  3222
       Falchion          |       |       |   339 |   897 |  1102 |       |       |       |       ||  2338
       Hand axe          |       |       |       |    11 |    42 |    24 |    13 |       |       ||    90
       Unarmed           |       |       |       |       |     6 |       |       |       |       ||     6
       Demon blade       |       |       |       |       |       |   517 |     5 |       |       ||   522
       Quick blade       |       |       |       |       |       |       |   380 |       |       ||   380
       Double sword      |       |       |       |       |       |       |   560 |   982 |  1946 ||  3488
Invok: Heroism           |       |       |     2 |    17 |    21 |    11 |    11 |     3 |     6 ||    71
       Finesse           |       |       |       |     1 |       |       |       |       |       ||     1
Evoke: Wand              |       |       |     7 |       |     8 |     2 |     8 |     3 |     3 ||    31
  Use: Potion            |       |     3 |     1 |     7 |     2 |     2 |     1 |     2 |     7 ||    25
       Scroll            |       |     4 |    11 |     5 |    18 |    11 |    13 |     7 |    26 ||    95
 Stab: Distracted        |       |       |       |       |       |     1 |       |       |     2 ||     3
  Eat: Chunk             |       |     4 |    15 |    14 |    29 |    34 |    24 |    13 |    28 ||   161
       Ration            |       |       |     1 |     4 |     4 |     8 |    10 |     5 |     5 ||    37
Armor: Scale mail        |    52 |       |       |       |       |       |       |       |       ||    52
       Chain mail        |     8 |   103 |   131 |   132 |       |       |   378 |       |       ||   752
       Plate armour      |       |       |       |   152 |   383 |   557 |       |       |       ||  1092
       Gold dragon scale |       |       |       |       |       |       |   186 |   405 |   691 ||  1282
Dodge: Dodged            |    28 |    43 |    93 |   246 |   365 |   462 |   442 |   267 |   507 ||  2453
Block: Shield            |    66 |   114 |   203 |   503 |  1067 |  1361 |  1459 |   819 |       ||  5592
       Reflection        |       |       |       |       |       |       |    87 |    68 |       ||   155
       Large shield      |       |       |       |       |       |       |       |    59 |  2550 ||  2609
       Rpst.: Long sword |     8 |     6 |     8 |       |    29 |    87 |    35 |       |       ||   173
       Falchion          |       |       |    11 |    73 |    47 |       |       |       |       ||   131
       Demon blade       |       |       |       |       |       |    11 |       |       |       ||    11
       Double sword      |       |       |       |       |       |       |    31 |    79 |   140 ||   250
